 Dungeon Crawl Stone Soup version 0.29.1-13-g9f3cf754e1 (webtiles) character file.

Game seed: 10690857233939297029

336 Peloso the Covered (level 6, -5/56 HPs)
             Began as a Minotaur Fighter on Jan 22, 2023.
             Slain by an iguana (6 damage)
             ... on level 5 of the Dungeon.
             The game lasted 00:07:44 (4003 turns).

Peloso the Covered (Minotaur Fighter)               Turns: 4003, Time: 00:07:44

Health: -5/56      AC: 13    Str: 20    XL:     6   Next: 28%
Magic:  5/5        EV:  7    Int:  5    God:
Gold:   250        SH:  5    Dex: 12    Spells: 5/5 levels left

rFire   . . .      SeeInvis .   a - +0 long sword
rCold   . . .      Faith    .   d - +0 buckler
rNeg    + . .      Spirit   .   k - +1 chain mail
rPois   .          Reflect  .   (helmet restricted)
rElec   .          Harm     .   (no cloak)
rCorr   .          Rampage  .   c - +0 pair of gloves
Will    +....                   o - +0 pair of boots
Stlth   ..........              (no amulet)
HPRegen 0.18/turn               q - ring of willpower
MPRegen 0.09/turn               m - ring of positive energy

@: no status effects
A: horns 2, retaliatory headbutt
a: no special abilities


You were on level 5 of the Dungeon.
You visited 1 branch of the dungeon, and saw 5 of its levels.

You collected 250 gold pieces.

Inventory:

Hand Weapons
 a - a +0 long sword (weapon)
Armour
 b - a +0 scale mail
 c - a +0 pair of gloves (worn)
 d - a +0 buckler (worn)
 k - a +1 chain mail (worn)
 o - a +0 pair of boots (worn)
Jewellery
 m - a ring of positive energy (right hand)
 q - a ring of willpower (left hand)
 B - a ring of protection from fire
Wands
 g - a wand of polymorph (8)
 D - a wand of acid (6)
Scrolls
 f - a scroll of vulnerability {unknown}
 i - a scroll of noise {unknown}
 l - a scroll of enchant armour
 r - a scroll of poison
 s - a scroll of amnesia {unknown}
 t - a scroll of teleportation {unknown}
 v - a scroll of fear
 x - 2 scrolls of identify
 y - a scroll of brand weapon {unknown}
 z - a scroll of magic mapping {unknown}
Potions
 h - a potion of curing
 j - 2 potions of magic
 n - a potion of ambrosia
 p - 2 potions of might
 u - 2 potions of mutation
 w - a potion of resistance
 A - a potion of lignification {unknown}
 C - a potion of flight {unknown}


   Skills:
 + Level 5.0 Fighting
 + Level 4.3 Long Blades
 + Level 6.1 Armour
 + Level 1.2 Dodging
 + Level 0.1 Stealth
 + Level 4.3 Shields


You had 5 spell levels left.
You didn't know any spells.
Your spell library contained the following spells:

 Spells                   Type           Power      Damage    Failure   Level
 Portal Projectile        Hex/Tloc       0%         N/A       100%        3
 Tukima's Dance           Hex            0%         N/A       100%        3
 Blade Hands              Tmut           0%         N/A       100%        5


Dungeon Overview and Level Annotations

Branches:
Dungeon (5/15)
 Temple: D:4-7

Altars:
Trog


Innate Abilities, Weirdness & Mutations

You have a pair of horns on your head.
You reflexively headbutt those who attack you in melee.


Message History

You see here a +0 spear.
Things that are here:
a +0 club; a +0 whip You open the door.
An adder comes into view.
The adder hisses angrily.
An iguana comes into view.
Found a scroll of identify and a scroll labelled OLIKAECREYMA.
Found a stone staircase leading down.
The iguana hisses angrily.
There is an open door here.
The adder barely misses you. The adder barely misses you.
The adder bites you but does no damage. The adder bites you.
The iguana bites you.
* * * LOW HITPOINT WARNING * * *
The adder bites you but does no damage.
There is an open door here.
The adder attacks as you move away! The adder bites you but does no damage.
The iguana attacks as you move away! The iguana bites you!
* * * LOW HITPOINT WARNING * * *
The adder attacks as you move away! The adder barely misses you.
You furiously retaliate!
You headbutt the adder! You closely miss the adder.
The adder is severely wounded.
The adder completely misses you. The adder closely misses you.
You hit the adder. Your headbutt misses the adder.
The adder is almost dead.
The adder bites you but does no damage.
You hit the adder.
You kill the adder!
The iguana bites you!
* * * LOW HITPOINT WARNING * * *
You closely miss the iguana. You headbutt the iguana!
The iguana is heavily wounded.
You block the iguana's attack.
You barely miss the iguana. Your headbutt misses the iguana.
The iguana is heavily wounded.
The iguana bites you.
You die...

#...^...##............
#.......##...........
#.......##.......#########
##'###...###......#?......#
≈~≈~≈#...'.....####.......#
~≈~≈~#...####### #.......#
≈~≈~≈#...# #.......#
≈≈~≈≈#...##########.......#
##'###..........@l'......>#
##))).......###.###.......#
...)#######.##.........##.#
≈≈≈.# .............# ≈≈≈.#
..............# ⌠≈≈.#
#.............?# >≈≈.#
#.......##.....# §§§.#
#.....#.##...... §≈§.#
#.....#.#


You could see an iguana.

Vanquished Creatures
  A hound (D:4)
  3 orc priests (D:4)
  An orc wizard (D:4)
  10 gnolls
  3 adders
  An ufetubus (D:4)
  2 dart slugs (D:3)
  A worm (D:2)
  6 orcs (D:4)
  3 ball pythons
  2 bats
  3 endoplasms
  3 giant cockroaches (D:4)
  2 goblins
  5 hobgoblins
  2 jackals (D:4)
  6 kobolds
  2 frilled lizards
  4 rats
60 creatures vanquished.

Notes
Turn   | Place    | Note
-------+----------+-------------------------------------------
     0 | D:1      | Peloso the Minotaur Fighter began the quest for the Orb.
     0 | D:1      | Reached XP level 1. HP: 19/19 MP: 0/0
   562 | D:1      | Reached XP level 2. HP: 27/27 MP: 1/1
   597 | D:1      | Reached skill level 4 in Armour
  1143 | D:2      | Reached XP level 3. HP: 33/33 MP: 2/2
  1488 | D:2      | Reached skill level 5 in Armour
  1524 | D:2      | Reached XP level 4. HP: 34/40 MP: 3/3
  1746 | D:2      | Found a faded altar of an unknown god.
  3199 | D:4      | Reached XP level 5. HP: 46/47 MP: 4/4
  3357 | D:4      | Reached skill level 6 in Armour
  3558 | D:4      | Reached XP level 6. HP: 54/55 MP: 5/5
  3876 | D:5      | Entered Level 5 of the Dungeon
  3916 | D:5      | Found a bloodstained altar of Trog.
  3960 | D:5      | Reached skill level 5 in Fighting
  3964 | D:5      | Reached skill level 1 in Dodging
  4001 | D:5      | HP: 1/56 [iguana (8)]
  4003 | D:5      | Slain by an iguana

Illustrated notes

Levels and vault maps discovered:
D:1:      pf_arrival_petrified_forest, layout_loops_ring
D:2:      layout_loops_ring, shapermc_ecumenical_altar_mp_vishouse
D:3:      layout_rooms
D:4:      layout_gridville
D:5:      layout_basic, nicolae_gozag_zags_fifth_avenue, general_overflow_altar,
          enter_ossuary_1, chequers_serial_rivers_room_b, item_on_display_a

Skill      XL: |  1  2  3  4  5  6 |
---------------+-------------------+-----
Armour         | 4 5 6 |  6.1
Fighting       | 4 5 |  5.0
Shields        | 4 |  4.3
Long Blades    | 3 4 |  4.3
Dodging        | 1 |  1.2
Stealth        | |  0.1

Action                   |  1- 3 |  4- 6 || total
-------------------------+-------+-------++-------
Melee: Long sword        |    56 |   119 ||   175
       Headbutt          |     6 |    20 ||    26
  Use: Scroll            |       |    12 ||    12
Armor: Chain mail        |    23 |    86 ||   109
       Scale mail        |     3 |       ||     3
Dodge: Dodged            |    25 |    42 ||    67
Block: Buckler           |     6 |    30 ||    36
